[Event "GER-chT Youth Countries 2020"]
[Site "Berlin"]
[Date "2020.10.02"]
[Round "4"]
[White "Haack, Kevin"]
[Black "Maetzkow, Maximilian Paul"]
[Result "1/2-1/2"]
[ECO "A14"]
[WhiteElo "2209"]
[BlackElo "2242"]
[Annotator "ChessBase"]
[PlyCount "70"]
[EventDate "2020.09.30"]
[EventType "team-tourn"]
[EventRounds "7"]
[EventCountry "GER"]
[SourceTitle "playchess.com"]
[Source "ChessBase"]
[SourceQuality "1"]
[TimeControl "30/5400+30:0"]

1. c4 e6 2. g3 Nf6 3. Bg2 d5 4. Nf3 Be7 5. O-O O-O 6. b3 b6 7. Bb2 Bb7 8. e3 dxc4 9. bxc4 c5 10. Qe2 Nbd7 11. Rd1 Qc7 12. Nc3 Rac8 13. d3 Rfd8 14. Rac1 Qb8 15. e4 Nf8 16. Nd2 a6 17. f4 Bc6 18. Nf3 b5 19. Ne5 Be8 20. Nb1 N6d7 21. Nd2 Bf6 22. Nxd7 Nxd7 23. Bxf6 gxf6 24. Rb1 Qd6 25. Nf3 Nf8 26. e5 Qe7 27. Nd2 f5 28. Nf3 Bc6 29. Nd2 Be8 30. Nb3 b4 31. Na5 Rc7 32. Bf3 Rd4 33. Qg2 Ba4 34. Rd2 Qd7 35. Qf1 Ng6 1/2-1/2

[Event "GER-chT Youth Countries 2020"]
[Site "Berlin"]
[Date "2020.10.02"]
[Round "4"]
[White "Musiolik, David"]
[Black "Post, Hugo"]
[Result "1-0"]
[ECO "B92"]
[WhiteElo "2198"]
[BlackElo "2209"]
[Annotator "ChessBase"]
[PlyCount "132"]
[EventDate "2020.09.30"]
[EventType "team-tourn"]
[EventRounds "7"]
[EventCountry "GER"]
[SourceTitle "playchess.com"]
[Source "ChessBase"]
[SourceQuality "1"]
[TimeControl "30/5400+30:0"]

1. e4 c5 2. Nf3 d6 3. d4 cxd4 4. Nxd4 Nf6 5. Nc3 a6 6. Be2 e5 7. Nb3 Be7 8. O-O O-O 9. Re1 Be6 10. Bf3 b5 11. a4 b4 12. Nd5 a5 13. Bd2 Nxd5 14. exd5 Bd7 15. c4 f5 16. c5 e4 17. Be2 dxc5 18. Bf4 Kh8 19. Qd2 Qb6 20. Rec1 Rc8 21. d6 Bf6 22. Be3 Be5 23. Nxc5 Qd8 24. Bf4 Qf6 25. Bxe5 Qxe5 26. Nxd7 Nxd7 27. Rxc8+ Rxc8 28. Bb5 Nc5 29. Rd1 Ne6 30. d7 Rd8 31. Qd6 Qxd6 32. Rxd6 Nc7 33. Bc6 Kg8 34. g4 fxg4 35. Rd4 Kf7 36. Rxe4 h5 37. Re5 g6 38. Kf1 h4 39. b3 Rf8 40. Re3 Rd8 41. Re4 h3 42. Ke1 g5 43. Re5 Rb8 44. Kd2 Rd8 45. Ke3 Rb8 46. Ke4 Rd8 47. Kf5 Rf8 48. Re8 Nxe8 49. dxe8=Q+ Rxe8 50. Bxe8+ Kxe8 51. Kxg4 Ke7 52. Kxg5 Ke6 53. f4 Kd5 54. f5 Kd4 55. f6 Kc3 56. f7 Kxb3 57. f8=Q Kxa4 58. Qc5 b3 59. Qc3 b2 60. Qc2+ Ka3 61. Qc5+ Ka4 62. Qb6 Ka3 63. Qxa5+ Kb3 64. Qb5+ Kc2 65. Qc4+ Kd1 66. Qb3+ Kc1 1-0

[Event "GER-chT Youth Countries 2020"]
[Site "Berlin"]
[Date "2020.10.02"]
[Round "4"]
[White "Milare, Tyron"]
[Black "Colbow, Collin"]
[Result "1-0"]
[ECO "E11"]
[WhiteElo "2176"]
[BlackElo "2210"]
[Annotator "ChessBase"]
[PlyCount "99"]
[EventDate "2020.09.30"]
[EventType "team-tourn"]
[EventRounds "7"]
[EventCountry "GER"]
[SourceTitle "playchess.com"]
[Source "ChessBase"]
[SourceQuality "1"]
[TimeControl "30/5400+30:0"]

1. d4 Nf6 2. Nf3 e6 3. c4 Bb4+ 4. Nbd2 b6 5. a3 Bxd2+ 6. Bxd2 Bb7 7. Bf4 d6 8. e3 Nbd7 9. Bd3 Qe7 10. Bg5 h6 11. Bxf6 Nxf6 12. Qa4+ Nd7 13. e4 O-O 14. O-O f5 15. Nd2 f4 16. b4 a5 17. Qc2 Qf6 18. Qb2 e5 19. d5 g5 20. Be2 Qe7 21. Rfc1 Rfb8 22. Qc3 Kf8 23. Nb3 a4 24. Nd2 c5 25. dxc6 Bxc6 26. f3 Kg7 27. Qc2 Rc8 28. Nb1 Nf8 29. Nc3 Ne6 30. Qd3 Nd4 31. Bd1 Rd8 32. Ne2 Ne6 33. Bc2 Qb7 34. Bb1 Rac8 35. Ba2 Be8 36. Qd2 Bf7 37. Qb2 Rc7 38. Rd1 Kf6 39. Rd2 Ke7 40. Re1 Rcd7 41. Nc3 Nd4 42. Rxd4 exd4 43. Nd5+ Bxd5 44. exd5+ Kf7 45. Qc2 Re7 46. Qh7+ Kf8 47. Qxh6+ Ke8 48. Re6 Rxe6 49. dxe6 Qe7 50. Qh5+ 1-0

[Event "GER-chT Youth Countries 2020"]
[Site "Berlin"]
[Date "2020.10.02"]
[Round "4"]
[White "Deuer, Marius"]
[Black "Hoppstaedter, Daniel"]
[Result "1-0"]
[ECO "E65"]
[WhiteElo "2161"]
[BlackElo "1712"]
[Annotator "ChessBase"]
[PlyCount "62"]
[EventDate "2020.09.30"]
[EventType "team-tourn"]
[EventRounds "7"]
[EventCountry "GER"]
[SourceTitle "playchess.com"]
[Source "ChessBase"]
[SourceQuality "1"]
[TimeControl "30/5400+30:0"]

1. d4 Nf6 2. c4 g6 3. Nc3 Bg7 4. g3 d6 5. Bg2 O-O 6. Nf3 c5 7. O-O cxd4 8. Nxd4 Qb6 9. e3 Nc6 10. b3 Nxd4 11. exd4 Bg4 12. Qd3 Bf5 13. Qd2 Nd7 14. Rd1 e6 15. h3 h5 16. Qe2 Nf6 17. Bg5 Nh7 18. Be3 Nf6 19. Rac1 Qa6 20. Nb5 Rac8 21. Bg5 Nh7 22. Be7 Rfe8 23. Bxd6 e5 24. dxe5 Bxe5 25. Nc7 Rxc7 26. Bxc7 Ng5 27. Rd8 Rxd8 28. Bxd8 f6 29. f4 Bd4+ 30. Kh2 Ne6 31. Bd5 Kg7 1-0

[Event "GER-chT Youth Countries 2020"]
[Site "Berlin"]
[Date "2020.10.02"]
[Round "4"]
[White "Khachatryan, Taron"]
[Black "Hecht, Jonas Christian"]
[Result "1/2-1/2"]
[ECO "A04"]
[WhiteElo "2136"]
[BlackElo "1764"]
[Annotator "ChessBase"]
[PlyCount "106"]
[EventDate "2020.09.30"]
[EventType "team-tourn"]
[EventRounds "7"]
[EventCountry "GER"]
[SourceTitle "playchess.com"]
[Source "ChessBase"]
[SourceQuality "1"]
[TimeControl "30/5400+30:0"]

1. Nf3 f5 2. d4 Nf6 3. Bg5 g6 4. Nc3 Bg7 5. h4 h6 6. Bxf6 Bxf6 7. e4 e6 8. h5 g5 9. exf5 exf5 10. Bc4 Nc6 11. Qd3 Ne7 12. Nd5 Nxd5 13. Bxd5 c6 14. Bb3 d5 15. c4 Be6 16. O-O-O dxc4 17. Bxc4 Bxc4 18. Rhe1+ Kf7 19. Qxc4+ Qd5 20. Qb4 b6 21. Ne5+ Kg7 22. Kb1 Rhe8 23. g4 fxg4 24. Qc3 Bxe5 25. dxe5 Qe6 26. Rd6 Qf5+ 27. Ka1 Rad8 28. Rg6+ Kh7 29. Qxc6 Rxe5 30. Rxh6+ Kg7 31. Rg6+ Kh7 32. Rc1 Rc5 33. Rxc5 bxc5 34. Rh6+ Kg7 35. Qg6+ Qxg6 36. Rxg6+ Kf7 37. a3 Rd5 38. Ka2 Rf5 39. Kb1 Rxf2 40. Rxg5 Rh2 41. Rxg4 Rxh5 42. Ra4 Ke6 43. Rxa7 Kd5 44. Kc2 Rh3 45. Rb7 Kc4 46. b3+ Kd5 47. Rd7+ Kc6 48. Rd3 Rh4 49. Kc3 Kb5 50. a4+ Kc6 51. Rg3 Rh6 52. Rg4 Rf6 53. Kc4 Rh6 1/2-1/2

[Event "GER-chT Youth Countries 2020"]
[Site "Berlin"]
[Date "2020.10.02"]
[Round "4"]
[White "Lange, Jannis"]
[Black "Runte, Moritz"]
[Result "0-1"]
[ECO "A06"]
[WhiteElo "2126"]
[BlackElo "2114"]
[Annotator "ChessBase"]
[PlyCount "58"]
[EventDate "2020.09.30"]
[EventType "team-tourn"]
[EventRounds "7"]
[EventCountry "GER"]
[SourceTitle "playchess.com"]
[Source "ChessBase"]
[SourceQuality "1"]
[TimeControl "30/5400+30:0"]

1. Nf3 d5 2. g3 g6 3. Bg2 Bg7 4. d4 c6 5. O-O Nf6 6. c4 dxc4 7. Nc3 b5 8. Ne5 Nd5 9. a4 b4 10. Nxc6 Nxc6 11. Nxd5 Bd7 12. Qc2 Nxd4 13. Qxc4 Rc8 14. Qd3 Bf5 15. e4 Qxd5 16. exf5 Qxf5 17. Be4 Qd7 18. Be3 O-O 19. a5 Rfd8 20. Kh1 f5 21. Bg2 Nc2 22. Qb3+ Kh8 23. Rab1 Nxe3 24. Qxe3 Rc2 25. Qb3 Qd2 26. Qf7 Rxb2 27. Rxb2 Qxb2 28. Qxe7 Qd4 29. Bf3 b3 0-1

[Event "GER-chT Youth Countries 2020"]
[Site "Berlin"]
[Date "2020.10.02"]
[Round "4"]
[White "Junker, Magnus"]
[Black "Hagenbeck-Huebert, Ben"]
[Result "1-0"]
[ECO "C55"]
[WhiteElo "2093"]
[BlackElo "1749"]
[Annotator "ChessBase"]
[PlyCount "107"]
[EventDate "2020.09.30"]
[EventType "team-tourn"]
[EventRounds "7"]
[EventCountry "GER"]
[SourceTitle "playchess.com"]
[Source "ChessBase"]
[SourceQuality "1"]
[TimeControl "30/5400+30:0"]

1. e4 e5 2. Nf3 Nc6 3. d4 exd4 4. Bc4 Nf6 5. e5 d5 6. Bb5 Ne4 7. Nxd4 Bd7 8. Bxc6 bxc6 9. O-O Bc5 10. Be3 O-O 11. f3 Ng5 12. f4 Ne4 13. Nd2 Nxd2 14. Qxd2 f6 15. Rae1 fxe5 16. fxe5 Rxf1+ 17. Rxf1 Qe7 18. e6 Bxd4 19. Bxd4 Bxe6 20. Qe3 a6 21. Rf3 c5 22. Bxc5 Qd7 23. Qf4 Bf7 24. h4 Re8 25. Rg3 Bg6 26. c3 Qf7 27. Qa4 Re1+ 28. Kh2 Re4 29. Qxa6 Rxh4+ 30. Kg1 Qe8 31. Rf3 Bf7 32. b4 Re4 33. a4 Re1+ 34. Rf1 Rxf1+ 35. Kxf1 Be6 36. Bf2 Bd7 37. b5 Qe4 38. Kg1 Qd3 39. Qa8+ Kf7 40. Qd8 Qd1+ 41. Kh2 Qh5+ 42. Bh4 Qe5+ 43. Kh1 Qd6 44. Kg1 h6 45. Bf2 Kg6 46. Bd4 Qe6 47. Qh4 Qg4 48. Qe1 Qe6 49. Qa1 Qe2 50. c4 Qxc4 51. Bxg7 h5 52. Qf6+ Kh7 53. Bh6 Qg4 54. Bf4 1-0

[Event "GER-chT Youth Countries 2020"]
[Site "Berlin"]
[Date "2020.10.02"]
[Round "4"]
[White "Gallasch, Jonas"]
[Black "Grossmann, Piet"]
[Result "1/2-1/2"]
[ECO "E16"]
[WhiteElo "2090"]
[BlackElo "1849"]
[Annotator "ChessBase"]
[PlyCount "93"]
[EventDate "2020.09.30"]
[EventType "team-tourn"]
[EventRounds "7"]
[EventCountry "GER"]
[SourceTitle "playchess.com"]
[Source "ChessBase"]
[SourceQuality "1"]
[TimeControl "30/5400+30:0"]

1. d4 Nf6 2. c4 e6 3. Nf3 Bb4+ 4. Bd2 Qe7 5. g3 O-O 6. Bg2 Bxd2+ 7. Qxd2 d6 8. Nc3 Nbd7 9. O-O e5 10. e4 Re8 11. d5 a5 12. Ne1 Nc5 13. Nd3 Nxd3 14. Qxd3 Nh5 15. Rae1 Qg5 16. Nb5 Re7 17. Qe3 Qxe3 18. Rxe3 Nf6 19. f4 Ne8 20. Rd1 Bd7 21. Ra3 Bxb5 22. cxb5 Nf6 23. f5 Ree8 24. Rc1 Rec8 25. Rac3 Ne8 26. b6 Ra6 27. bxc7 Ra7 28. Bf1 Kf8 29. f6 b6 30. fxg7+ Kxg7 31. Bb5 Nf6 32. Rc4 Kf8 33. Kf2 Ke7 34. Kf3 h5 35. R1c3 Ne8 36. Bxe8 Kxe8 37. Rc6 Kd7 38. Rxb6 Raxc7 39. Rxc7+ Rxc7 40. Ra6 Rc2 41. Rxa5 Rxb2 42. Ra7+ Ke8 43. h4 Rc2 44. Ra3 Ke7 45. g4 hxg4+ 46. Kxg4 Kf6 47. Ra6 1/2-1/2

[Event "GER-chT Youth Countries 2020"]
[Site "Berlin"]
[Date "2020.10.02"]
[Round "4"]
[White "Jeschke, Jan"]
[Black "Richter, Nils"]
[Result "1/2-1/2"]
[ECO "B12"]
[WhiteElo "2043"]
[BlackElo "2307"]
[Annotator "ChessBase"]
[PlyCount "95"]
[EventDate "2020.09.30"]
[EventType "team-tourn"]
[EventRounds "7"]
[EventCountry "GER"]
[SourceTitle "playchess.com"]
[Source "ChessBase"]
[SourceQuality "1"]
[TimeControl "30/5400+30:0"]

1. e4 c6 2. d4 d5 3. e5 c5 4. dxc5 Nc6 5. Nf3 Bg4 6. Bb5 Qa5+ 7. Nc3 e6 8. Be3 Nge7 9. a3 O-O-O 10. Bxc6 Nxc6 11. b4 Bxf3 12. gxf3 Qc7 13. f4 d4 14. Nb5 dxe3 15. Nxc7 exf2+ 16. Kxf2 Rxd1 17. Rhxd1 Kxc7 18. Kf3 Be7 19. Ke4 g6 20. c3 Rd8 21. a4 Rxd1 22. Rxd1 Bf8 23. a5 Ne7 24. c4 Nc6 25. Rb1 Bh6 26. h4 Bf8 27. h5 gxh5 28. f5 Ne7 29. fxe6 fxe6 30. a6 bxa6 31. Ra1 Kb7 32. Rd1 Kc7 33. Ra1 Nc6 34. Rxa6 Nxb4 35. Rxa7+ Kc6 36. Rxh7 Na6 37. Rxh5 Nxc5+ 38. Kd4 Nd7 39. Rh7 Ba3 40. Ke4 Bb2 41. Re7 Nc5+ 42. Kf4 Bc3 43. Rh7 Nd7 44. Ke4 Nc5+ 45. Kf4 Nd3+ 46. Ke4 Nxe5 47. Rh3 Bb2 48. Rh2 1/2-1/2

[Event "GER-chT Youth Countries 2020"]
[Site "Berlin"]
[Date "2020.10.02"]
[Round "4"]
[White "Ermitsch, Magnus"]
[Black "Lesny, Florian"]
[Result "1/2-1/2"]
[ECO "B53"]
[WhiteElo "2025"]
[BlackElo "2178"]
[Annotator "ChessBase"]
[PlyCount "45"]
[EventDate "2020.09.30"]
[EventType "team-tourn"]
[EventRounds "7"]
[EventCountry "GER"]
[SourceTitle "playchess.com"]
[Source "ChessBase"]
[SourceQuality "1"]
[TimeControl "30/5400+30:0"]

1. e4 c5 2. Nf3 d6 3. d4 cxd4 4. Qxd4 Nc6 5. Bb5 Bd7 6. Bxc6 Bxc6 7. Nc3 Nf6 8. Bg5 e6 9. O-O-O Be7 10. Qd3 Qa5 11. h4 h6 12. Bxf6 Bxf6 13. Nd4 O-O 14. f4 Qb6 15. Nce2 e5 16. Nf5 Bb5 17. Qf3 Bxe2 18. Qxe2 exf4 19. c3 Be5 20. Qg4 Kh7 21. h5 Qc7 22. Rd5 Rg8 23. Rhd1 1/2-1/2

[Event "GER-chT Youth Countries 2020"]
[Site "Berlin"]
[Date "2020.10.02"]
[Round "4"]
[White "Pikalow, Michael"]
[Black "Halabi, Ibrahim"]
[Result "0-1"]
[ECO "B90"]
[WhiteElo "2021"]
[BlackElo "1895"]
[Annotator "ChessBase"]
[PlyCount "84"]
[EventDate "2020.09.30"]
[EventType "team-tourn"]
[EventRounds "7"]
[EventCountry "GER"]
[SourceTitle "playchess.com"]
[Source "ChessBase"]
[SourceQuality "1"]
[TimeControl "30/5400+30:0"]

1. e4 c5 2. Nf3 d6 3. Nc3 Nf6 4. d4 cxd4 5. Nxd4 a6 6. Be3 e5 7. Nb3 Be6 8. f3 Be7 9. Qd2 O-O 10. O-O-O Nbd7 11. g4 b5 12. g5 b4 13. gxf6 bxc3 14. Qxc3 Nxf6 15. Na5 Rc8 16. Nc6 Qc7 17. Nxe7+ Qxe7 18. Qa5 Rc6 19. Kb1 Rfc8 20. Rd2 Qd8 21. Qxd8+ Rxd8 22. Be2 Ne8 23. f4 f6 24. Rhd1 Rdc8 25. h4 Kf8 26. Bh5 Ke7 27. Rg1 g6 28. Bf3 Rc4 29. h5 exf4 30. Bxf4 g5 31. Bh2 h6 32. Re1 R4c5 33. Re3 g4 34. Be2 Rxh5 35. Bf1 Ra5 36. b3 h5 37. Bg3 Rd8 38. Rd4 Nc7 39. Rb4 Rg5 40. Rb7 Rd7 41. a4 Rg8 42. Rc3 h4 0-1

[Event "GER-chT Youth Countries 2020"]
[Site "Berlin"]
[Date "2020.10.02"]
[Round "4"]
[White "Bashylina, Luisa"]
[Black "Herrmann, Jakob"]
[Result "1-0"]
[ECO "B10"]
[WhiteElo "2005"]
[BlackElo "1504"]
[Annotator "ChessBase"]
[PlyCount "58"]
[EventDate "2020.09.30"]
[EventType "team-tourn"]
[EventRounds "7"]
[EventCountry "GER"]
[SourceTitle "playchess.com"]
[Source "ChessBase"]
[SourceQuality "1"]
[TimeControl "30/5400+30:0"]

1. e4 c6 2. Nc3 d5 3. Qf3 dxe4 4. Nxe4 Nd7 5. d4 Ndf6 6. c3 Nxe4 7. Qxe4 Nf6 8. Qc2 Bg4 9. Bd3 e6 10. Ne2 Be7 11. Ng3 Qd5 12. f3 Bh5 13. Nxh5 Qxh5 14. Bd2 Qa5 15. O-O Rd8 16. c4 Qb6 17. Be3 c5 18. dxc5 Bxc5 19. Bxc5 Qxc5+ 20. Kh1 O-O 21. a3 Rd7 22. b4 Qe3 23. Rfd1 Rfd8 24. Bf1 Rd2 25. Rxd2 Rxd2 26. Qc1 Qd4 27. b5 e5 28. c5 Nh5 29. c6 Qd6 1-0

[Event "GER-chT Youth Countries 2020"]
[Site "Berlin"]
[Date "2020.10.02"]
[Round "4"]
[White "Poetsch, Leonore"]
[Black "Kluehs, Gustaf"]
[Result "1/2-1/2"]
[ECO "C01"]
[WhiteElo "1984"]
[BlackElo "1827"]
[Annotator "ChessBase"]
[PlyCount "84"]
[EventDate "2020.09.30"]
[EventType "team-tourn"]
[EventRounds "7"]
[EventCountry "GER"]
[SourceTitle "playchess.com"]
[Source "ChessBase"]
[SourceQuality "1"]
[TimeControl "30/5400+30:0"]

1. e4 e6 2. d4 d5 3. exd5 exd5 4. Bd3 Nc6 5. c3 Bd6 6. Ne2 Nge7 7. Bf4 Bg4 8. Bxd6 Qxd6 9. Qc2 O-O-O 10. Nd2 h5 11. f3 Be6 12. O-O-O g6 13. Nb3 b6 14. Kb1 Bf5 15. Nbc1 Na5 16. Qa4 Qd7 17. Qxd7+ Kxd7 18. b3 c6 19. Ng3 Be6 20. Rhe1 Nb7 21. Re2 Nd6 22. Bc2 h4 23. Nf1 Nef5 24. Nd3 f6 25. Nf4 Bf7 26. Ne3 Nxe3 27. Rxe3 g5 28. Nd3 Rde8 29. Rde1 Rxe3 30. Rxe3 Re8 31. Rxe8 Kxe8 32. Kc1 Bg6 33. Kd2 Bxd3 34. Bxd3 Ke7 35. g3 hxg3 36. hxg3 Ke6 37. g4 Ne8 38. a4 Kd6 39. b4 a5 40. Ke3 Nc7 41. f4 Ne6 42. fxg5 fxg5 1/2-1/2

[Event "GER-chT Youth Countries 2020"]
[Site "Berlin"]
[Date "2020.10.02"]
[Round "4"]
[White "Zackrisson, Peter"]
[Black "Viet, Silas"]
[Result "0-1"]
[ECO "B66"]
[WhiteElo "1947"]
[BlackElo "1846"]
[Annotator "ChessBase"]
[PlyCount "94"]
[EventDate "2020.09.30"]
[EventType "team-tourn"]
[EventRounds "7"]
[EventCountry "GER"]
[SourceTitle "playchess.com"]
[Source "ChessBase"]
[SourceQuality "1"]
[TimeControl "30/5400+30:0"]

1. e4 c5 2. Nf3 d6 3. d4 cxd4 4. Nxd4 Nf6 5. Nc3 Nc6 6. Bg5 e6 7. Qd2 a6 8. f4 Bd7 9. O-O-O b5 10. Bxf6 gxf6 11. f5 Qb6 12. Nxc6 Bxc6 13. Kb1 b4 14. Ne2 Bxe4 15. fxe6 fxe6 16. Ng3 Bg6 17. Qf4 Kf7 18. Bd3 d5 19. Rhf1 Be7 20. h4 a5 21. Qh6 a4 22. Nh5 Rag8 23. g4 b3 24. cxb3 axb3 25. a3 Bxd3+ 26. Rxd3 Rg6 27. Qf4 Qb5 28. Rdf3 Qc4 29. g5 f5 30. Qh2 Rc8 31. Re1 Qc2+ 32. Qxc2 bxc2+ 33. Kc1 Bd6 34. Re2 h6 35. Rg2 Rh8 36. Nf4 Bxf4+ 37. Rxf4 hxg5 38. hxg5 Rh5 39. a4 Rgxg5 40. Rxg5 Rxg5 41. a5 e5 42. Rf1 Kf6 43. a6 d4 44. Kxc2 e4 45. a7 Rg8 46. Ra1 Ra8 47. b4 Ke6 0-1

[Event "GER-chT Youth Countries 2020"]
[Site "Berlin"]
[Date "2020.10.02"]
[Round "4"]
[White "Schubert, Nikita"]
[Black "Sreyas Payyappat"]
[Result "0-1"]
[ECO "E10"]
[WhiteElo "1946"]
[BlackElo "2144"]
[Annotator "ChessBase"]
[PlyCount "66"]
[EventDate "2020.09.30"]
[EventType "team-tourn"]
[EventRounds "7"]
[EventCountry "GER"]
[SourceTitle "playchess.com"]
[Source "ChessBase"]
[SourceQuality "1"]
[TimeControl "30/5400+30:0"]

1. d4 Nf6 2. c4 e6 3. Nf3 d5 4. g3 Bb4+ 5. Bd2 Be7 6. Bg2 O-O 7. O-O c6 8. Bf4 b6 9. Qc2 Ba6 10. Nbd2 Nbd7 11. Ne5 Rc8 12. Qa4 Nb8 13. Rac1 Nh5 14. cxd5 Nxf4 15. gxf4 cxd5 16. Rxc8 Qxc8 17. Re1 Qc7 18. f5 Bd6 19. fxe6 Bxe5 20. dxe5 fxe6 21. Nf3 Qf7 22. Qa3 d4 23. Qd6 d3 24. exd3 Bb7 25. Re3 Bd5 26. Qb4 Nc6 27. Qd2 Qg6 28. Kh1 Ne7 29. Ne1 Nf5 30. Re2 Bxg2+ 31. Nxg2 Qh5 32. Re1 Nd4 33. Nf4 Qh6 0-1

[Event "GER-chT Youth Countries 2020"]
[Site "Berlin"]
[Date "2020.10.02"]
[Round "4"]
[White "Kempe, Caius Emilian"]
[Black "Bardorz, Jana"]
[Result "0-1"]
[ECO "D01"]
[WhiteElo "1910"]
[BlackElo "1960"]
[Annotator "ChessBase"]
[PlyCount "39"]
[EventDate "2020.09.30"]
[EventType "team-tourn"]
[EventRounds "7"]
[EventCountry "GER"]
[SourceTitle "playchess.com"]
[Source "ChessBase"]
[SourceQuality "1"]
[TimeControl "30/5400+30:0"]

1. d4 Nf6 2. Nc3 d5 3. Bg5 Nbd7 4. Qd3 g6 5. e4 dxe4 6. Nxe4 Bg7 7. O-O-O O-O 8. Nf3 c5 9. Bxf6 Nxf6 10. Nxc5 Bf5 11. Qd2 b6 12. Nb3 a5 13. a3 a4 14. Na1 Qd5 15. c4 Rac8 16. Nc2 Rxc4 17. Bxc4 Qxc4 18. Kb1 Ne4 19. Qe3 Rc8 20. Rc1 0-1

[Event "GER-chT Youth Countries 2020"]
[Site "Berlin"]
[Date "2020.10.02"]
[Round "4"]
[White "Weidenhoefer, Max"]
[Black "Tiarks, Jann-Christian"]
[Result "0-1"]
[ECO "B90"]
[WhiteElo "1897"]
[BlackElo "2151"]
[Annotator "ChessBase"]
[PlyCount "57"]
[EventDate "2020.09.30"]
[EventType "team-tourn"]
[EventRounds "7"]
[EventCountry "GER"]
[SourceTitle "playchess.com"]
[Source "ChessBase"]
[SourceQuality "1"]
[TimeControl "30/5400+30:0"]

1. e4 c5 2. Nf3 d6 3. d4 cxd4 4. Nxd4 Nf6 5. Nc3 a6 6. Be3 e5 7. Nb3 Be6 8. Qd2 Be7 9. f3 h5 10. O-O-O Nbd7 11. Kb1 b5 12. Rg1 Rc8 13. h3 Nb6 14. g4 hxg4 15. hxg4 b4 16. Bxb6 Qxb6 17. Nd5 Bxd5 18. exd5 a5 19. g5 Nd7 20. Bd3 a4 21. Nc1 g6 22. Rh1 Rxh1 23. Rxh1 a3 24. bxa3 bxa3+ 25. Nb3 Nc5 26. Rh8+ Kd7 27. Rxc8 Kxc8 28. Bc4 Na4 29. Qa5 0-1

[Event "GER-chT Youth Countries 2020"]
[Site "Berlin"]
[Date "2020.10.02"]
[Round "4"]
[White "Reitz, Theresa"]
[Black "Dietz, Kristin"]
[Result "0-1"]
[ECO "B40"]
[WhiteElo "1886"]
[BlackElo "1913"]
[Annotator "ChessBase"]
[PlyCount "84"]
[EventDate "2020.09.30"]
[EventType "team-tourn"]
[EventRounds "7"]
[EventCountry "GER"]
[SourceTitle "playchess.com"]
[Source "ChessBase"]
[SourceQuality "1"]
[TimeControl "30/5400+30:0"]

1. e4 c5 2. Nf3 e6 3. g3 Nc6 4. Bg2 d6 5. O-O g6 6. d4 cxd4 7. Nxd4 Bg7 8. Nb5 Bf8 9. Bf4 e5 10. Be3 Be6 11. Qe2 a6 12. N5c3 Bg7 13. Rd1 Qc7 14. Nd5 Bxd5 15. Rxd5 Nge7 16. Rd2 O-O 17. Qd1 Rac8 18. c3 Rfd8 19. a4 Rb8 20. Na3 Nc8 21. Bh3 Na5 22. Bg5 f6 23. Be3 Kh8 24. Be6 Bf8 25. b4 Nc6 26. Ba2 b5 27. axb5 axb5 28. Qb3 N6e7 29. Rad1 Qc6 30. f3 Bg7 31. Rc1 Nb6 32. c4 bxc4 33. Nxc4 Nxc4 34. Rxc4 Qb7 35. Qd1 d5 36. exd5 Rxd5 37. Bc5 Rxd2 38. Qxd2 Nc6 39. Qc2 Rd8 40. Kg2 Bh6 41. Qb3 Rd2+ 42. Bf2 Qa7 0-1

[Event "GER-chT Youth Countries 2020"]
[Site "Berlin"]
[Date "2020.10.02"]
[Round "4"]
[White "Simon, Tessa"]
[Black "Costa, Leonardo"]
[Result "0-1"]
[ECO "C54"]
[WhiteElo "1860"]
[BlackElo "2245"]
[Annotator "ChessBase"]
[PlyCount "89"]
[EventDate "2020.09.30"]
[EventType "team-tourn"]
[EventRounds "7"]
[EventCountry "GER"]
[SourceTitle "playchess.com"]
[Source "ChessBase"]
[SourceQuality "1"]
[TimeControl "30/5400+30:0"]

1. e4 e5 2. Nf3 Nc6 3. Bc4 Bc5 4. c3 Nf6 5. d4 exd4 6. cxd4 Bb4+ 7. Bd2 Bxd2+ 8. Nbxd2 d5 9. exd5 Nxd5 10. Qb3 Na5 11. Qa4+ Nc6 12. Qb3 Nce7 13. O-O O-O 14. Rfe1 Rb8 15. Ne4 Bf5 16. Nc5 c6 17. Rac1 Nb6 18. Bd3 Bxd3 19. Qxd3 Ng6 20. Ne5 Qd6 21. Nxg6 hxg6 22. Re4 Nd7 23. Qh3 Nxc5 24. Rh4 f6 25. dxc5 Qd5 26. Rh8+ Kf7 27. Rxf8+ Rxf8 28. Qg4 Re8 29. a3 Qxc5 30. Rd1 Re7 31. g3 Qe5 32. Qc4+ Qe6 33. Qb4 b6 34. Qc3 c5 35. Qd3 Qe4 36. Qd8 Qc6 37. Qd3 c4 38. Qd4 a6 39. Rc1 b5 40. b3 Re4 41. Qa7+ Kg8 42. bxc4 bxc4 43. Qb8+ Kh7 44. Qb4 Qd5 45. Qa4 0-1

[Event "GER-chT Youth Countries 2020"]
[Site "Berlin"]
[Date "2020.10.02"]
[Round "4"]
[White "Brunner, Sophia"]
[Black "Goepfert, Christian"]
[Result "1/2-1/2"]
[ECO "D12"]
[WhiteElo "1850"]
[BlackElo "1603"]
[Annotator "NA"]
[PlyCount "70"]
[EventDate "2020.09.30"]
[EventType "team-tourn"]
[EventRounds "7"]
[EventCountry "GER"]
[SourceTitle "playchess.com"]
[Source "ChessBase"]
[SourceQuality "1"]
[TimeControl "30/5400+30:0"]

1. d4 d5 2. Nf3 Nf6 3. e3 Bf5 4. c4 c6 5. Nc3 e6 6. Bd3 Bg6 7. Ne5 Bd6 8. Nxg6 hxg6 9. f4 Nbd7 10. c5 Be7 11. b4 b6 12. a3 Qc7 13. Qf3 a5 14. Bb2 axb4 15. axb4 Rxa1+ 16. Bxa1 O-O 17. O-O bxc5 18. bxc5 Rb8 19. g4 Rb4 20. g5 Nh5 21. Qd1 Nxc5 22. dxc5 Bxc5 23. Qd2 Rxf4 24. Rxf4 Qxf4 25. Nd1 Qxg5+ 26. Kh1 d4 27. Qg2 Qxg2+ 28. Kxg2 e5 29. exd4 Bxd4 30. Bxd4 exd4 31. Kf3 f5 32. Bc4+ Kf8 33. Nb2 Ke7 34. Nd3 Kf6 35. Nb4 g5 1/2-1/2

[Event "GER-chT Youth Countries 2020"]
[Site "Berlin"]
[Date "2020.10.02"]
[Round "4"]
[White "Fock, Amina"]
[Black "Bakiev, Diyor"]
[Result "0-1"]
[ECO "B19"]
[WhiteElo "1840"]
[BlackElo "2070"]
[Annotator "ChessBase"]
[PlyCount "80"]
[EventDate "2020.09.30"]
[EventType "team-tourn"]
[EventRounds "7"]
[EventCountry "GER"]
[SourceTitle "playchess.com"]
[Source "ChessBase"]
[SourceQuality "1"]
[TimeControl "30/5400+30:0"]

1. e4 c6 2. d4 d5 3. Nd2 dxe4 4. Nxe4 Bf5 5. Ng3 Bg6 6. h4 h6 7. Nf3 Nd7 8. h5 Bh7 9. Bd3 Bxd3 10. Qxd3 e6 11. Bf4 Qa5+ 12. Bd2 Bb4 13. c3 Be7 14. c4 Qc7 15. O-O-O Ngf6 16. Kb1 O-O 17. Ne4 Nxe4 18. Qxe4 Nf6 19. Qe2 b5 20. g4 Nh7 21. Ne5 bxc4 22. f4 Rab8 23. Qxc4 c5 24. dxc5 Bxc5 25. Bc3 Rfd8 26. Rxd8+ Rxd8 27. Qe2 Nf6 28. Rc1 Qb7 29. Ba5 Bb6 30. Bxb6 axb6 31. Qc4 Ne4 32. Qc6 Nd2+ 33. Ka1 Qa6 34. Qc3 Qa4 35. Nd3 Ra8 36. Nb4 Nb3+ 37. Kb1 Nxc1 38. Kxc1 Rd8 39. b3 Qd7 40. Kb2 Qd4 0-1

[Event "GER-chT Youth Countries 2020"]
[Site "Berlin"]
[Date "2020.10.02"]
[Round "4"]
[White "Besou, Hussain"]
[Black "Avetyan, Manan"]
[Result "1-0"]
[ECO "C60"]
[WhiteElo "1825"]
[BlackElo "1356"]
[Annotator "NA"]
[PlyCount "49"]
[EventDate "2020.09.30"]
[EventType "team-tourn"]
[EventRounds "7"]
[EventCountry "GER"]
[SourceTitle "playchess.com"]
[Source "ChessBase"]
[SourceQuality "1"]
[TimeControl "30/5400+30:0"]

1. e4 e5 2. Nf3 Nc6 3. Bb5 Nge7 4. c3 d6 5. d4 a6 6. Ba4 b5 7. Bb3 g6 8. Ng5 d5 9. exd5 Nxd5 10. Qf3 Be6 11. Nxe6 fxe6 12. O-O Bg7 13. a4 Rf8 14. Qh3 Qf6 15. axb5 Nb8 16. bxa6 Rxa6 17. Rxa6 Nxa6 18. Qd3 Nb8 19. Qb5+ Nd7 20. Bxd5 exd5 21. Qxd5 Ke7 22. f4 c6 23. Qe4 Kd8 24. dxe5 Qe6 25. Nd2 1-0